 Dungeon Crawl Stone Soup version 0.27-a0-1416-g941b2bd30b (webtiles) character file.

Game seed: 15907713711355226395

53 Sin92 the Skirmisher (level 3, -7/29 HPs)
             Began as a Demonspawn Fighter on July 1, 2021.
             Mangled by a gnoll (8 damage)
             ... on level 2 of the Dungeon.
             The game lasted 00:01:29 (1582 turns).

Sin92 the Skirmisher (Demonspawn Fighter)           Turns: 1582, Time: 00:01:29

Health: -7/29      AC:  9    Str: 17    XL:     3   Next: 62%
Magic:  3/3        EV:  7    Int:  9    God:
Gold:   54         SH:  9    Dex: 12    Spells: 2/2 levels left

rFire    . . .     SeeInvis .   a - +0 war axe
rCold    . . .     Faith    .   c - +0 kite shield
rNeg     . . .     Spirit   .   b - +0 scale mail
rPois    .         Reflect  .   (no helmet)
rElec    .         Harm     .   (no cloak)
rCorr    .         Rampage  .   (no gloves)
Will     .....                  (no boots)
Stlth    ..........             (no amulet)
HPRegen  0.09/turn              (no ring)
MPRegen  0.08/turn              (no ring)

@: lethally poisoned (-7 -> -20)
A: molten scales 2
a: no special abilities


You were on level 2 of the Dungeon.
You visited 1 branch of the dungeon, and saw 2 of its levels.

You collected 54 gold pieces.

Inventory:

Hand Weapons
 a - a +0 war axe (weapon)
Armour
 b - a +0 scale mail (worn)
 c - a +0 kite shield (worn)
 d - a scarf of resistance
Scrolls
 e - a scroll of noise {unknown}
 f - a scroll of summoning {unknown}
 g - a scroll of enchant armour {unknown}
 h - 3 scrolls of teleportation {unknown}
 k - a scroll of identify {unknown}
 l - a scroll of vulnerability {unknown}
Potions
 i - a potion of attraction {unknown}
 j - a potion of resistance {unknown}


   Skills:
 + Level 3.2 Fighting
 * Level 2.5 Axes
 + Level 3.0 Armour
 + Level 1.0 Dodging
 + Level 2.9 Shields


You had 2 spell levels left.
You didn't know any spells.
Your spell library contained the following spells:

 Spells                   Type           Power      Damage    Failure   Level
 Ensorcelled Hibernation  Hex/Ice        0%         N/A       100%        2
 Spider Form              Tmut/Pois      0%         N/A       100%        3
 Shadow Creatures         Summ           N/A        N/A       100%        6


Dungeon Overview and Level Annotations

Branches:
Dungeon (2/15)

Altars:


Innate Abilities, Weirdness & Mutations

You are mostly covered in molten scales. (AC +3)


Message History

A gnoll comes into view. It is wielding a +2 vorpal flail.
The gnoll shouts!
There is an open door here.
There are monsters nearby!
You block the gnoll's attack.
You slash the gnoll!
The gnoll is severely wounded.
You barely miss the gnoll. The gnoll completely misses you.
You block the gnoll's attack.
There are monsters nearby!
You hit the gnoll.
The gnoll is almost dead.
You closely miss the gnoll. You barely miss the gnoll.
The gnoll hits you but does no damage.
The gnoll hits you with a +2 spear of venom.
The gnoll barely misses you.
The gnoll hits you with a +2 vorpal flail.
The gnoll hits you with a +2 spear of venom.
You are poisoned.
The gnoll hits you but does no damage.
You hit the gnoll but do no damage.
The gnoll is almost dead.
You closely miss the gnoll. You hit the gnoll.
You feel very sick.
You block the gnoll's attack. x2; The gnoll barely misses you.
The gnoll hits you but does no damage.
The gnoll hits you with a +2 spear of venom.
You are lethally poisoned!
You slash the gnoll!
You kill the gnoll!
You closely miss the gnoll. You hit the gnoll.
* * * LOW HITPOINT WARNING * * *
You feel extremely sick. The gnoll closely misses you.
You block the gnoll's attack. The gnoll closely misses you.
Your Dodging skill increases to level 1!
* * * LOW HITPOINT WARNING * * *
You feel very sick. You block the gnoll's attack.
The gnoll hits you with a +0 flail!
You die...

+..........+.....
#.......†..#####.
#..........# #.
#######..........#
#.
..........^......#
#.
#####...........#
###'
#######'#####..####
#... ..........#
##.## #...
......g@g.# #..#
#... ..........#
##.# #...
#######+### #.#
#... ##'### #...
#....# #... #....#
#... #....# #...
#.♣.♣#♣#♣.♣
#..........


You could see 2 gnolls.

Vanquished Creatures
  2 gnolls
  4 ball pythons (D:1)
  2 bats (D:1)
  3 goblins
  5 hobgoblins
  6 jackals (D:1)
  2 quokkas (D:1)
  2 frilled lizards (D:1)
  2 kobolds (D:1)
  3 rats
31 creatures vanquished.

Notes
Turn   | Place    | Note
-------+----------+-------------------------------------------
     0 | D:1      | Sin92 the Demonspawn Fighter began the quest for the Orb.
     0 | D:1      | Reached XP level 1. HP: 18/18 MP: 1/1
   329 | D:1      | Found a faded altar of an unknown god.
   350 | D:1      | Gained mutation: You are partially covered in molten
                  | scales. (AC +2) [demonic ancestry]
   350 | D:1      | Reached XP level 2. HP: 20/24 MP: 2/2
   881 | D:1      | Gained mutation: You are mostly covered in molten scales.
                  | (AC +3) [demonic ancestry]
   881 | D:1      | Reached XP level 3. HP: 29/29 MP: 3/3
   895 | D:1      | HP: 1/29 [gnoll (1)]
  1582 | D:2      | Reached skill level 1 in Dodging
  1582 | D:2      | HP: 1/29 [poisoned by a gnoll]
  1582 | D:2      | Mangled by a gnoll

Illustrated notes

Levels and vault maps discovered:
D:1:      dpeg_arrival_rooms_b, layout_loops_cross,
          shapermc_ecumenical_altar_mp_urbaneastern
D:2:      layout_basic, serial_forest, infiniplex_forest_lined_4_way,
          infiniplex_forest_straight_2, infiniplex_forest_split,
          infiniplex_forest_lined_3, infiniplex_forest_lined_2

Skill      XL: |  1  2  3 |
---------------+----------+-----
Axes           | 2 |  2.5
Armour         | 3 |  3.0
Dodging        | 1 |  1.0
Fighting       | |  3.2
Shields        | |  2.9

Action                   || total
-------------------------++-------
Melee: War axe           ||   110
  Use: Potion            ||     1
Armor: Scale mail        ||    70
Dodge: Dodged            ||    45
Block: Kite shield       ||    69

Table legend: (Time is in decaauts)
 A = Elapsed time spent in this place.
 B = Non-inter-level travel time spent in this place.
 C = Inter-level travel time spent in this place.
 D = Time resting spent in this place.
 E = Time spent auto-exploring this place.
 F = Levels seen in this place.
 G = Mean time per level.
                   A        B        C        D        E       F      G
               +--------+--------+--------+--------+--------+-----+--------+
         Total |   1651 |   1596 |     55 |      0 |   1308 |   2 |  825.5 |
       Dungeon |   1651 |   1596 |     55 |      0 |   1308 |   2 |  825.5 |
               +--------+--------+--------+--------+--------+-----+--------+

Top non-repeatable levels by time:
     D:1: 1514 daAuts
     D:2: 136 daAuts
